 Dungeon Crawl Stone Soup version 0.27.1 (webtiles) character file.

Game seed: 13608915974806003788

46 Naeght the Poker (level 3, -7/29 HPs)
             Began as a Merfolk Gladiator on Aug 23, 2021.
             Mangled by a kobold (14 damage)
             ... on level 2 of the Dungeon.
             The game lasted 00:01:14 (1461 turns).

Naeght the Poker (Merfolk Gladiator)                Turns: 1461, Time: 00:01:15

Health: -7/29      AC:  4    Str: 15    XL:     3   Next: 68%
Magic:  3/3        EV: 17    Int:  7    God:
Gold:   9          SH:  0    Dex: 15    Spells: 2/2 levels left

rFire    . . .     SeeInvis .   a - +0 trident
rCold    . . .     Faith    .   (no shield)
rNeg     . . .     Spirit   .   b - +0 leather armour
rPois    .         Reflect  .   c - +0 helmet
rElec    .         Harm     .   (no cloak)
rCorr    .         Rampage  .   (no gloves)
Will     .....                  (boots currently unavailable)
Stlth    ++........             (no amulet)
HPRegen  0.09/turn              (no ring)
MPRegen  0.08/turn              (no ring)

@: very quick
A: nimble swimmer 2, mertail
a: no special abilities


You were on level 2 of the Dungeon.
You visited 1 branch of the dungeon, and saw 2 of its levels.

You collected 9 gold pieces.

Inventory:

Hand Weapons
 a - a +0 trident (weapon)
Missiles
 d - 3 throwing nets (quivered)
Armour
 b - a +0 leather armour (worn)
 c - a +0 helmet (worn)
Scrolls
 f - a scroll of teleportation
Potions
 e - 4 potions of heal wounds {unknown}
 g - a potion of invisibility {unknown}
 j - a potion of flight {unknown}


   Skills:
 + Level 3.0 Fighting
 + Level 5.2 Polearms
 - Level 2.0 Throwing
 + Level 4.8 Dodging


You had 2 spell levels left.
You didn't know any spells.
Your spell library contained the following spells:

 Spells                   Type           Power      Damage    Failure   Level
 Fulminant Prism          Conj/Hex       0%         3d6       99%         4
 Iskenderun's Mystic Bla  Conj/Tloc      0%         2d3       99%         4
 Lee's Rapid Deconstruct  Erth           0%         3d5*      100%        5


Dungeon Overview and Level Annotations

Branches:
Dungeon (2/15)

Altars:

Shops:
D:2 *


Innate Abilities, Weirdness & Mutations

You are quick and stealthy near water. (Stealth+, EV+, Speed+++)
Your lower body shifts to a powerful aquatic tail in water.


Message History

You are too injured to fight recklessly!
You are too injured to fight recklessly!
You are too injured to fight recklessly!
You are too injured to fight recklessly!
You are too injured to fight recklessly!
The quokka bites you.
* * * LOW HITPOINT WARNING * * *
The kobold hits you but does no damage.
Unknown command.
Your legs become a tail as you enter the water.
A ball python comes into view.
You are too injured to fight recklessly!
You are too injured to fight recklessly!
You are too injured to fight recklessly!
You hit the adder but do no damage. The adder completely misses you.
The kobold throws a stone.
The stone hits you but does no damage.
You puncture the adder!
The adder is severely wounded.
The adder closely misses you. x2
You barely miss the adder.
The adder is severely wounded.
The kobold throws a stone.
The stone misses you. The adder misses you.
You hit the adder.
You kill the adder!
The quokka twitches its whiskers.
The kobold throws a stone.
The stone closely misses you.
Your Fighting skill increases to level 3!
The kobold throws a stone.
The stone hits you but does no damage. The kobold hits you but does no damage.
You are too injured to fight recklessly!
You are too injured to fight recklessly!
You are too injured to fight recklessly!
You are too injured to fight recklessly!
You are too injured to fight recklessly!
You closely miss the kobold. The ball python completely misses you.
The ball python closely misses you.
The kobold hits you with a +0 dagger of electrocution.
* * * LOW HITPOINT WARNING * * *
You are electrocuted!
You die...

............ .....
.........#.##.#...
#.....<#....#....
#....†.#.........
#.#..............
#>.....r≈.≈......
#......≈≈.≈≈.....
#.....K≈≈r≈≈.....
#.....#@S†≈≈.....
##....##≈≈≈......
#.....####...^..
#..... .#....
#.... # ... ### ..


You could see 2 quokkas, a ball python and a kobold.

Vanquished Creatures
  A gnoll (D:1)
  2 adders (D:2)
  2 dart slugs (D:1)
  A ball python (D:1)
  2 endoplasms (D:1)
  A giant cockroach (D:1)
  A goblin (D:1)
  A hobgoblin (D:1)
  3 bats
  A rat (D:1)
15 creatures vanquished.

Notes
Turn   | Place    | Note
-------+----------+-------------------------------------------
     0 | D:1      | Naeght the Merfolk Gladiator began the quest for the Orb.
     0 | D:1      | Reached XP level 1. HP: 16/16 MP: 1/1
    69 | D:1      | Reached XP level 2. HP: 10/23 MP: 2/2
   384 | D:1      | Found a faded altar of an unknown god.
   481 | D:1      | Reached skill level 5 in Polearms
   481 | D:1      | Reached XP level 3. HP: 20/28 MP: 3/3
  1440 | D:2      | Found Kiufessas's General Store.
  1461 | D:2      | Mangled by a kobold

Illustrated notes

Levels and vault maps discovered:
D:1:      giann_horns, layout_basic, chequers_ecumenical_altar_twisty
D:2:      layout_basic, serial_shops, nicolae_shop_waterfront, shop

Skill      XL: |  1  2  3 |
---------------+----------+-----
Polearms       | 5 |  5.2
Fighting       | 3 |  3.0
Throwing       | |  2.0
Dodging        | |  4.8

Action                   || total
-------------------------++-------
Melee: Trident           ||    51
  Use: Scroll            ||     4
Armor: Leather armour    ||    18
Dodge: Dodged            ||    38
